 Dungeon Sprint DCSS version 0.16-a0-2979-g562a0a4 (webtiles) character file.

7 RobertPalmer the Ruffian (level 1, -2/16 HPs)
             Began as a Draconian Transmuter on Dec 5, 2014.
             Was a Believer of Cheibriados.
             Slain by a black bear (3 damage)
             ... in the Dungeon (Sprint VII: "The Pits").
             The game lasted 00:01:06 (389 turns).

RobertPalmer the Ruffian (Draconian Transmuter)      Turns: 389, Time: 00:01:06

Health: -2/16      AC:  4    Str: 16    XL:     1   Next: 83%
Magic:  3/3        EV: 12    Int: 17    God:    Cheibriados [**....]
Gold:   0          SH:  0    Dex: 15    Spells: 1 memorised, 3 levels left

rFire  . . .     SeeInvis .       - Unarmed
rCold  . . .     Clarity  .     (armour unavailable)
rNeg   . . .     SustAb   .     (no shield)
rPois  .         Gourm    .     (helmet restricted)
rElec  .         Spirit   .     (no cloak)
rCorr  .         Warding  .     (no gloves)
rMut   .         NoTele   +     (no boots)
MR     .....                    (no amulet)
Stlth  +.........               (no ring)
                                (no ring)

@: very slightly contaminated, invisible, very slow, not resistant to hostile
enchantments, very unstealthy
A: unfitting armour, cold-blooded, AC +4
a: Bend Time, Renounce Religion


You were in the Dungeon.
You worshipped Cheibriados.
Cheibriados was pleased with you.
You were not hungry.

You visited 1 branch


Innate Abilities, Weirdness & Mutations

Your plain brown scales are hard (AC +4).
Your body does not fit into most forms of armour.
Your cold-blooded metabolism reacts poorly to cold.


   Skills:
 - Level 1.1 Fighting
 - Level 1.7 Dodging
 + Level 4.8 Unarmed Combat
 - Level 2.0 Spellcasting
 - Level 2.0 Transmutations


You had 3 spell levels left.
You knew the following spells:

 Your Spells              Type           Power        Failure   Level  Hunger
z - Beastly Appendage     Trmt           #.....       10%         1    #......

Inventory:

Missiles
 b - 12 arrows
Scrolls
 j - a scroll of blinking
 m - 2 scrolls of vulnerability {!r}
 n - 3 scrolls of remove curse
 o - 5 scrolls of amnesia
 p - a scroll of summoning
Potions
 g - a potion of haste
 h - 4 potions of magic
 i - 3 potions of berserk rage
 l - a potion of invisibility
Books
 d - a book of Changes
Comestibles
 a - 8 bread rations
 c - 40 fruits
 k - 7 meat rations

Dungeon Overview and Level Annotations

Branches:
Dungeon (1/1)

Altars:
Ashenzari
Cheibriados
Dithmenos
Elyvilon
Fedhas
Kikubaaqudgha
Makhleb
Nemelex Xobeh
Okawaru
Ru
Sif Muna
Trog
Vehumet
Xom
Yredelemnul
Zin
The Shining One
Beogh
Jiyva
Lugonu

############
#__________#
#__________#
#.#####'############## #
#)))'.'..##.........
#)))#.#.(##......#..#
#######'#####..........
#...........'d..........
#+#####'#####.h....#..#.
#l.#...r.##............
#..#.รท.#.#####'#####++
#..#####.##.......#
#..'...#.##.......#
#..'...).##.......#
#..########...<...# #..
#.......#


You could see a black bear.


Message History

You are very lightly contaminated with residual magic.
The black bear closely misses you. The black bear claws you.
* * * LOW HITPOINT WARNING * * *
The black bear claws you but does no damage.
There is an open door, spattered with blood here.
Things that are here:
an enchanted dagger; a goblin corpse You aren't carrying any items that can be evoked.
Unknown command.
Drink which item? (? for menu, Esc to quit)
You feel better. The black bear bites you.
* * * LOW HITPOINT WARNING * * *
The black bear closely misses you. The black bear misses you.
There is an open door here.
The black bear closely misses you. The black bear barely misses you.
The black bear closely misses you.
There is an open door here.
The black bear closely misses you. The black bear barely misses you.
The black bear barely misses you. The black bear closely misses you. x2
The black bear claws you.
* * * LOW HITPOINT WARNING * * *
There is an open door to the Storerooms (Easy) here.
The black bear closely misses you. x3
You catch the helpless black bear completely off-guard!
You hit the black bear.
The black bear is lightly wounded.
The black bear bites you.
You die...

Action                   || total
-------------------------++-------
Melee: Unarmed           ||    35
 Cast: Beastly Appendage ||     2
  Use: Potion            ||     3
 Stab: Invisible         ||     1
       Sleeping          ||     1

Vault maps used:
D:        pitsprint

Notes
Turn   | Place    | Note
--------------------------------------------------------------
     0 | D        | RobertPalmer, the Draconian Transmuter, began the quest for the Orb.
     0 | D        | Reached XP level 1. HP: 16/16 MP: 3/3
    79 | D        | Found a sacrificial altar of Ru.
    79 | D        | Found a basalt altar of Yredelemnul.
    79 | D        | Found a shadowy altar of Dithmenos.
    79 | D        | Found a deep blue altar of Sif Muna.
    79 | D        | Found a burning altar of Makhleb.
    79 | D        | Found a shimmering altar of Xom.
    79 | D        | Found an ancient bone altar of Kikubaaqudgha.
    79 | D        | Found a sparkling altar of Nemelex Xobeh.
    80 | D        | Found a glowing golden altar of the Shining One.
    80 | D        | Found a bloodstained altar of Trog.
    80 | D        | Found a shattered altar of Ashenzari.
    80 | D        | Found a white marble altar of Elyvilon.
    80 | D        | Found a snail-covered altar of Cheibriados.
    80 | D        | Found a blossoming altar of Fedhas.
    80 | D        | Found a radiant altar of Vehumet.
    80 | D        | Found a glowing silver altar of Zin.
    80 | D        | Found a corrupted altar of Lugonu.
    80 | D        | Found a viscous altar of Jiyva.
    80 | D        | Found a roughly hewn altar of Beogh.
    80 | D        | Found an iron altar of Okawaru.
   102 | D        | Became a worshipper of Cheibriados the Contemplative
   138 | D        | Reached skill level 4 in Unarmed Combat
   367 | D        | Noticed a black bear
   384 | D        | HP: 1/16 [black bear (5)]
   389 | D        | Slain by a black bear

Vanquished Creatures
  An ooze (D)
  A bat (D)
  A bat zombie (D)
  A quokka (D)
  A goblin (D)
5 creatures vanquished.
